Map: 2000 атмосфер РВ

Players

ИИ 1 (эксперт)

  • Race: Protoss Protoss

Doll - Winner!

  • Race: Terran Terran
  • League: Master

VOD

Have the link to the VOD?

Description

Time

  • Played on: Aug. 4, 2021, 1:06 p.m.
  • Length: 11:38
Show
View Real Time Build Order
Export as new Build Order

ИИ 1 (эксперт) Protoss 

Build Orders: Colossus Rush 

Get SALT Encoding   

  12  0:00  Probe  
  13  0:13  Probe  
  14  0:19  Pylon  
  14  0:25  Probe  
  15  0:34  Probe  
  15  0:42  Probe  
  16  0:47  Assimilator  
  17  0:50  Gateway  
  17  0:52  Probe  
  18  1:00  Pylon, Probe  
  19  1:08  Probe  
  19  1:18  Probe  
  21  1:35  Gateway  
  21  1:37  Probe  
  21  1:38  Zealot  
  24  1:41  Cybernetics Core  
  24  1:48  Pylon  
  24  1:49  Probe  
  25  1:57  Zealot  
  25  2:01  Probe  
  28  2:11  Assimilator  
  28  2:13  Probe  
  29  2:19  Warp Gate  
  29  2:22  Adept  
  29  2:25  Adept, Probe  
  34  2:36  Pylon  
  34  2:38  Probe  
  35  2:50  Sentry, Probe  
  36  2:54  Adept  
  40  3:02  Probe  
  41  3:14  Nexus, Probe  
  41  3:17  Stalker  
  42  3:26  Probe  
  45  3:38  Probe, Robotics Facility  
  46  3:50  Probe  
  46  3:54  Pylon  
  47  4:12  Adept, Probe  
  50  4:19  Adept  
  52  4:24  Probe  
  52  4:26  Probe  
  52  4:27  Adept  
  56  4:36  Robotics Bay, Probe  
  58  4:38  Probe  
  58  4:40  Observer  
  59  4:48  Probe, Robotics Facility  
  59  4:50  Probe  
  61  4:55  Pylon  
  61  4:56  Stalker  
  63  5:01  Stalker, Probe  
  63  5:02  Probe  
  67  5:07  Pylon  
  67  5:11  Probe  
  67  5:13  Probe  
  69  5:22  Probe  
  69  5:25  Colossus  
  76  5:35  Zealot, Pylon  
  78  5:41  Probe  
  78  5:44  Stalker, Pylon, Probe  
  78  5:46  Assimilator  
  82  5:50  Gateway  
  82  5:51  Assimilator  
  82  5:55  Stalker  
  84  6:05  Immortal  
  84  6:07  Stalker  
  84  6:09  Immortal, Probe x2  
  92  6:14  Pylon  
  92  6:21  Probe  
  92  6:22  Probe  
  98  6:32  Forge  
  98  6:33  Probe  
  98  6:35  Pylon  
  98  6:37  Nexus  
  99  6:55  Protoss Ground Armor Level 1  
  99  6:57  Colossus, Pylon  
  99  7:02  Pylon  
  99  7:06  Sentry  
  107  7:11  Photon Cannon  
  107  7:16  Photon Cannon  
  107  7:26  Forge  
  107  7:29  Photon Cannon  
  107  7:33  Gateway  
  107  7:34  Colossus  
  113  7:42  Zealot  
  115  7:47  Disruptor  
  115  7:49  Probe x2  
  121  7:54  Extended Thermal Lance  
  118  8:00  Pylon  
  118  8:01  Probe x2  
  102  8:13  Stalker  
  102  8:17  Adept  
  90  8:20  Stalker  
  80  8:27  Sentry, Immortal  
  74  8:35  Zealot, Probe  
  74  8:36  Probe  
  74  8:37  Adept  
  82  8:44  Sentry  
  82  8:47  Probe  
  83  8:52  Immortal, Probe  
  80  8:56  Stalker  
  80  8:57  Adept  
  80  9:09  Zealot, Probe  
  81  9:11  Probe  
  78  9:17  Sentry  
  78  9:18  Zealot  
  78  9:19  Pylon  
  78  9:21  Probe  
  79  9:24  Probe  
  79  9:29  Adept  
  82  9:32  Immortal  
  84  9:41  Sentry, Stalker  
  83  9:48  Adept  
  78  9:56  Probe  
  71  10:01  Stalker  
  71  10:03  Probe  
  71  10:04  Sentry, Adept  
  55  10:23  Stalker  
  55  10:24  Stalker  
  55  10:27  Adept  
  30  10:43  Zealot  
  29  10:55  Adept, Zealot  
  29  10:56  Stalker  
Show
View Real Time Build Order
Export as new Build Order

Doll Terran - Winner!

Build Orders: 1/1/1 

Get SALT Encoding   

  12  0:01  SCV  
  13  0:13  SCV  
  14  0:18  Supply Depot  
  14  0:26  SCV  
  15  0:29  Refinery  
  15  0:44  Barracks  
  15  0:45  SCV  
  16  0:58  SCV  
  17  1:06  Supply Depot  
  17  1:11  SCV  
  18  1:23  SCV  
  19  1:32  Marine  
  20  1:34  Factory  
  20  1:36  SCV  
  21  1:45  Refinery  
  21  1:49  SCV  
  21  1:50  Marine  
  23  2:01  SCV  
  23  2:03  Barracks  
  24  2:09  Marine  
  24  2:13  SCV  
  26  2:18  Starport  
  26  2:29  SCV  
  27  2:31  Supply Depot  
  27  2:33  Marine  
  28  2:41  SCV  
  29  2:50  Marine  
  30  2:51  Marine  
  30  2:55  Orbital Command  
  31  2:59  Starport Tech Lab  
  31  3:10  Fusion Core  
  31  3:12  Marine  
  32  3:14  Marine  
  33  3:21  Medivac  
  35  3:30  Barracks Tech Lab  
  35  3:35  Barracks Tech Lab  
  35  3:37  Starport  
  35  3:38  SCV  
  36  3:50  Stimpack, Supply Depot  
  36  3:55  Marauder  
  38  3:56  Marine  
  39  4:04  Supply Depot  
  39  4:17  Banshee  
  42  4:32  Command Center  
  42  4:36  Marine  
  42  4:37  Marine  
  44  4:41  SCV  
  45  4:49  Starport Tech Lab, Supply Depot  
  45  4:50  Factory Tech Lab  
  45  4:54  SCV  
  45  4:57  Marine  
  45  4:59  Marine  
  48  5:18  Battlecruiser  
  48  5:20  SCV  
  55  5:27  Viking  
  57  5:33  Marauder  
  59  5:41  Supply Depot  
  59  5:46  SCV  
  59  5:48  Orbital Command  
  60  5:53  Marine  
  61  6:02  Liberator  
  64  6:08  Marine  
  64  6:09  SCV  
  66  6:14  Marauder  
  68  6:22  SCV x2  
  70  6:26  Banshee  
  70  6:29  Marauder  
  75  6:34  Barracks  
  75  6:35  SCV x2  
  75  6:37  Concussive Shells  
  75  6:39  Marine  
  78  6:46  Engineering Bay  
  78  6:49  Engineering Bay, SCV x2  
  80  6:58  Factory  
  80  7:00  Marauder  
  82  7:03  SCV x2  
  82  7:04  Marauder  
  86  7:13  Supply Depot  
  86  7:15  Supply Depot  
  86  7:17  Barracks  
  86  7:24  Refinery  
  86  7:25  Refinery, Barracks Tech Lab  
  86  7:27  Bunker  
  86  7:31  Ghost Academy  
  86  7:35  Combat Shield  
  86  7:38  SCV x2  
  68  8:09  Armory  
  68  8:11  Command Center  
  64  8:30  Barracks Tech Lab  
  64  8:36  Starport  
  64  8:37  Supply Depot x2  
Tags
 
Add a new tag
Caveats
  • Supply blocks, unpowered buildings, or Contaminate may cause inaccurate times.
  • Supply counts are checked every 10 seconds.